 Dungeon Crawl Stone Soup version 0.30-a0-782-ge64f9170bb (webtiles) character file.

Game seed: 2055922457050764750

1349 mopl the Magician (level 8, 0/46 HPs)
             Began as an Octopode Hedge Wizard on Mar 13, 2023.
             Was a Follower of Vehumet.
             Killed from afar by a white imp (6 damage)
             ... with a puff of frost
             ... on level 6 of the Dungeon.
             The game lasted 00:09:23 (4424 turns).

mopl the Magician (Octopode Hedge Wizard)           Turns: 4424, Time: 00:09:24

Health: 0/46       AC:  1    Str: 10    XL:     8   Next: 63%
Magic:  13/17      EV: 13    Int: 18    God:    Vehumet [*.....]
Gold:   71         SH:  0    Dex: 11    Spells: 10/20 levels left

rFire   . . .      SeeInvis +    a - +0 dagger
rCold   . . .      Faith    .    (no shield)
rNeg    . . .      Spirit   .    b - +0 hat
rPois   +          Reflect  .    n - amulet of Qene {Regen+ Slay+5}
rElec   .          Harm     .    i - ring of poison resistance
rCorr   .          Rampage  .    k - ring of see invisible
Will    .....                    (no ring)
Stlth   +++                      (no ring)
HPRegen 1.07/turn                (no ring)
MPRegen 0.15/turn                (no ring)
                                 (no ring)
                                 (no ring)

@: no status effects
A: almost no armour, amphibious, 8 rings, camouflage 1, gelatinous body 1,
(nimble swimmer 1), tentacles
a: Renounce Religion


You were on level 6 of the Dungeon.
You worshipped Vehumet.
Vehumet was aware of your devotion.
You visited 1 branch of the dungeon, and saw 6 of its levels.

You collected 239 gold pieces.
You spent 168 gold pieces at shops.

Inventory:

Hand Weapons
 a - a +0 dagger (weapon)
 z - a +1 hand axe of flaming
Missiles
 f - 9 poisoned darts
 s - 2 boomerangs
Armour
 b - a +0 hat (worn)
Magical Staves
 e - a staff of cold
Jewellery
 i - a ring of poison resistance (left tentacle)
 k - a ring of see invisible (right tentacle)
 n - the amulet of Qene (around mantle) {Regen+ Slay+5}
   (You found it on level 2 of the Dungeon)

   [amulet of regeneration]

   Slay:      It affects your accuracy & damage with ranged weapons and melee
   (+5).
   Regen:     It increases your rate of health regeneration.
 r - a ring of ice
 A - an amulet of magic regeneration
Scrolls
 g - 2 scrolls of vulnerability
 h - 2 scrolls of teleportation {unknown}
 l - a scroll of enchant armour {unknown}
 m - a scroll of brand weapon {unknown}
 o - a scroll of noise {unknown}
 t - a scroll of poison {unknown}
 v - a scroll of fog {unknown}
 x - a scroll of enchant weapon {unknown}
 y - 2 scrolls of identify
 B - a scroll of silence {unknown}
 C - a scroll of amnesia
 D - 2 scrolls of immolation {unknown}
Potions
 c - a potion of magic
 d - a potion of flight
 j - 5 potions of curing {unknown}
 p - a potion of brilliance
 q - a potion of might
 u - a potion of mutation {!q}
 w - a potion of heal wounds
 E - a potion of haste {unknown}


   Skills:
 - Level 2.0 Dodging
 - Level 2.6 Stealth
 + Level 6.5 Spellcasting
 + Level 6.0 Conjurations
 - Level 1.0 Summonings
 - Level 4.0 Translocations
 - Level 4.0 Poison Magic


You had 10 spell levels left.
You knew the following spells:

 Your Spells              Type           Power      Damage    Failure   Level
a - Magic Dart            Conj           100%       1d8       1%          1
b - Iskenderun's Mystic   Conj/Tloc      23%        2d6       14%         4
c - Mephitic Cloud        Conj/Pois/Air  17%        N/A       9%          3
e - Blink                 Tloc           40%        N/A       3%          2

Your spell library contained the following spells:

 Spells                   Type           Power      Damage    Failure   Level
 Foxfire                  Conj/Fire      64%        2x1d7     3%          1
 Momentum Strike          Conj/Tloc      46%        3d9       2%          2
 Lesser Beckoning         Tloc           40%        N/A       3%          2
 Cigotuvi's Dreadful Rot  Necr/Pois/Air  20%        N/A       10%         2
 Stone Arrow              Conj/Erth      32%        3d9       10%         3
 Sandblast                Erth           10%        2d5       12%         1
 Slow                     Hex            20%        N/A       12%         1
 Call Imp                 Summ           9%         N/A       12%         2
 Ensorcelled Hibernation  Hex/Ice        10%        N/A       17%         2
 Passwall                 Tmut/Erth      4%         N/A       17%         2
 Scorch                   Fire           10%        2d6       17%         2
 Sublimation of Blood     Necr           5%         N/A       17%         2
 Kindle Blastsparks       Fire/Tloc/Air  20%        2d11      21%         3
 Flame Wave               Conj/Fire      16%        2d7       32%         4
 Fulminant Prism          Conj/Hex       8%         3d7       32%         4
 Swiftness                Air            5%         N/A       34%         3
 Irradiate                Conj/Tmut      8%         3d14      67%         5
 Petrify                  Tmut/Erth      5%         N/A       75%         4
 Lee's Rapid Deconstruct  Erth           2%         3d5*      97%         5
 Summon Cactus Giant      Summ           4%         N/A       100%        6


Dungeon Overview and Level Annotations

Branches:
Dungeon (6/15)
 Temple: D:4-7

Altars:
Ashenzari
Dithmenos
Gozag
Nemelex Xobeh
Qazlal
Ru
Sif Muna
Uskayaw
Vehumet
Wu Jian
Xom
Yredelemnul
Zin
The Shining One

Shops:
D:2 [   D:3 ?   D:4 !

Annotations:
D:3 1 transporter, dunno567's ghost, novice HuAE
D:6 Blork the orc; Maggie


Innate Abilities, Weirdness & Mutations

You cannot wear most types of armour.
You are amphibious.
You can wear up to eight rings at the same time.
Your skin changes colour to match your surroundings (Stealth+).
Your rubbery body absorbs attacks. (AC +1, EV +1)
((You are camouflaged when in or above water. (Stealth+)))
You have tentacles for arms and can constrict up to eight enemies at once.


Message History

Okay, then.
Casting: Mephitic Cloud (dangerous; 9% risk of failure)
Confirm with . or Enter, or press ? or * to list all spells.
Aiming: Mephitic Cloud (dangerous; 9% risk of failure)
Press: ? - help, Shift-Dir - straight line The ball explodes into a vile cloud!
The stinking cloud engulfs Maggie but does no damage.
Maggie shouts!
You hear a shout!
Maggie is engulfed in noxious fumes.
Maggie appears confused.
Maggie looks very confused.
Unknown command.
A centaur comes into view.
Maggie is engulfed in noxious fumes.
Maggie appears confused.
The centaur wields a +0 shortbow.
The centaur shoots an arrow.
The arrow hits you!
Maggie is engulfed in noxious fumes.
Maggie appears confused.
Maggie screams, "I'll kill you anyway!"
The centaur shoots an arrow.
The arrow hits you.
The centaur shoots an arrow.
The arrow barely misses you. Maggie hits you with a +0 war axe!
Maggie completely misses herself.
A hound comes into view.
A white imp comes into view.
The white imp shouts, "Away with thee, thou artless ill-nurtured fustilarian!"
You hear a bark!
The centaur shoots an arrow.
The arrow hits you!
* * * LOW HITPOINT WARNING * * *
The centaur shoots an arrow.
The arrow hits you.
* * * LOW HITPOINT WARNING * * *
Maggie hits the centaur with a +0 war axe!
Blork the orc comes into view.
He is wielding a +0 short sword.
Something hits the centaur!
Blork the orc mumbles some strange words.
Blork the orc seems to speed up.
Blork the orc drinks a potion.
Blork the orc's spells are empowered!
Blork the orc casts a spell at you. The puff of flame hits you!
* * * LOW HITPOINT WARNING * * *
Blork the orc looks satisfied for a moment.
The white imp gestures at you. The puff of frost hits you.
You die...

#.........#..............#
#.........######.####....#
#.........# #....##..##
#.........# ####.......
#.........## ##.....#....
#..........####...........
##......<<..##<...........
##.....#.#...............
#######@###...>.........
#.##..............
#(...#......c.....
#..>.#.....@......
#...5......c......
#....##.......#...
#..o.##.#.##..# ..
###.###.#.# .... . #.#
#.... .h.##


You could see Blork the orc (fast, empowered) and a white imp.

Vanquished Creatures
  Edmund (D:4)
  A water moccasin (D:4)
  An ice beast (D:4)
  An ogre (D:5)
  2 phantoms
  2 scorpions (D:5)
  A necrophage (D:5)
  A howler monkey (D:5)
  3 jellies
  A hound (D:5)
  An orc priest (D:5)
  3 iguanas
  3 orc wizards (D:5)
  Robin (D:2)
  5 gnolls
  11 adders
  A shadow imp (D:5)
  3 worms (D:2)
  A dart slug (D:3)
  14 orcs
  6 ball pythons
  9 endoplasms
  6 giant cockroaches
  16 goblins
  7 hobgoblins
  3 quokkas
  4 bats
  2 frilled lizards
  6 kobolds
  8 rats
124 creatures vanquished.

Vanquished Creatures (others)
  An orc (D:4)
  An endoplasm (D:4)
2 creatures vanquished.

Grand Total: 126 creatures vanquished

Notes
Turn   | Place    | Note
-------+----------+-------------------------------------------
     0 | D:1      | mopl the Octopode Hedge Wizard began the quest for the Orb.
     0 | D:1      | Reached XP level 1. HP: 11/11 MP: 4/4
    47 | D:1      | Reached XP level 2. HP: 10/17 MP: 0/6
    54 | D:1      | Learned a level 2 spell: Blink
   354 | D:1      | Reached XP level 3. HP: 21/21 MP: 7/7
   465 | D:1      | Learned a level 3 spell: Mephitic Cloud
   818 | D:2      | Reached skill level 2 in Translocations
   832 | D:2      | Found Foonas's Armour Boutique.
   851 | D:2      | Reached skill level 2 in Conjurations
   859 | D:2      | Noticed Robin
   920 | D:2      | Found a broken altar of Ashenzari.
   928 | D:2      | Identified the amulet of Qene {Regen+ Slay+5}
  1013 | D:2      | Killed Robin
  1014 | D:2      | Reached skill level 1 in Poison Magic
  1014 | D:2      | Reached XP level 4. HP: 22/27 MP: 7/9
  1257 | D:2      | Found a faded altar of an unknown god.
  1511 | D:3      | Found Zem Exze's Magic Scroll Emporium.
  1521 | D:3      | Reached XP level 5. HP: 31/31 MP: 10/10
  1529 | D:3      | Bought a scroll of identify for 28 gold pieces
  1529 | D:3      | Bought a scroll of identify for 28 gold pieces
  1577 | D:3      | Reached skill level 2 in Poison Magic
  1658 | D:3      | Learned a level 4 spell: Iskenderun's Mystic Blast
  1779 | D:3      | Noticed a phantom
  1803 | D:3      | Killed a phantom
  1804 | D:3      | Reached skill level 4 in Spellcasting
  1804 | D:3      | Reached skill level 3 in Translocations
  1981 | D:3      | Found a stormy altar of Qazlal.
  1981 | D:3      | Found a radiant altar of Vehumet.
  1981 | D:3      | Found an opulent altar of Gozag.
  1985 | D:3      | Found a glowing silver altar of Zin.
  1986 | D:3      | Found a sparkling altar of Nemelex Xobeh.
  1988 | D:3      | Became a worshipper of Vehumet
  2008 | D:3      | Found a transporter.
  2009 | D:3      | Noticed an ogre
  2009 | D:3      | Noticed dunno567's ghost (novice HuAE)
  2012 | D:3      | Identified the +3 great mace of Invincibility {heavy, Str-3
                  | Int+3 Dex+3 Stlth+}
  2012 | D:3      | Noticed an ogre
  2018 | D:3      | Reached XP level 6. HP: 36/36 MP: 5/12
  2041 | D:3      | Reached skill level 3 in Conjurations
  2068 | D:3      | Found a shadowy altar of Dithmenos.
  2068 | D:3      | Found a shimmering altar of Xom.
  2068 | D:3      | Found a sacrificial altar of Ru.
  2072 | D:3      | Found an ornate altar of the Wu Jian Council.
  2073 | D:3      | Found a shimmering blue altar of Sif Muna.
  2273 | D:4      | Found a hide-covered altar of Uskayaw.
  2338 | D:4      | Found a glowing golden altar of the Shining One.
  2340 | D:4      | Noticed an angel
  2352 | D:4      | Found a basalt altar of Yredelemnul.
  2364 | D:4      | Noticed a profane servitor
  2500 | D:4      | Reached skill level 3 in Poison Magic
  2603 | D:4      | Noticed a water moccasin
  2645 | D:4      | Killed a water moccasin
  2721 | D:4      | Reached XP level 7. HP: 41/41 MP: 10/13
  2809 | D:4      | Found Sank's Distillery.
  2930 | D:4      | Noticed Edmund
  3170 | D:4      | Killed Edmund
  3171 | D:4      | Reached skill level 5 in Spellcasting
  3171 | D:4      | Reached skill level 4 in Conjurations
  3171 | D:4      | Reached skill level 4 in Translocations
  3171 | D:4      | Reached skill level 4 in Poison Magic
  3245 | D:5      | Entered Level 5 of the Dungeon
  3422 | D:5      | Reached XP level 8. HP: 46/46 MP: 14/16
  3659 | D:3      | Bought a scroll of vulnerability for 56 gold pieces
  3659 | D:3      | Bought a scroll of amnesia for 56 gold pieces
  3703 | D:5      | Reached skill level 5 in Conjurations
  3747 | D:5      | Reached * piety under Vehumet
  3747 | D:5      | Offered knowledge of Foxfire by Vehumet.
  3778 | D:5      | Reached skill level 6 in Spellcasting
  4387 | D:6      | Reached skill level 6 in Conjurations
  4408 | D:6      | Noticed Maggie
  4419 | D:6      | Noticed Blork the orc
  4424 | D:6      | Killed from afar by a white imp

Illustrated notes

Levels and vault maps discovered:
D:1:      dpeg_arrival_water_temple_mockup, layout_loops_ring
D:2:      layout_basic, basic_altar, serial_shops, shop_fountains,
          ebering_ecumenical_altar_hall, uniq_robin
D:3:      layout_basic, nicolae_overflow_hallway_of_the_gods, serial_shops,
          shop, gammafunk_ghost_smash
D:4:      layout_loops_cross, grunt_temple_overflow_holy_war,
          lemuel_doored_altar, serial_shops, nicolae_take_the_stairs,
          uniq_edmund
D:5:      nicolae_cairo_tiling_very_big, layout_loops_ring
D:6:      layout_rooms, minmay_temple_entry_mini_moons, serial_shops,
          nicolae_shop_crystal, uniq_blork_the_orc, uniq_crazy_yiuf_cottage,
          uniq_maggie

Skill      XL: |  1  2  3  4  5  6  7  8 |
---------------+-------------------------+-----
Translocations | 2 3 4 |  4.0
Conjurations   | 2 3 4 6 |  6.0
Poison Magic   | 1 2 3 4 |  4.0
Spellcasting   | 4 5 6 |  6.5
Dodging        | |  2.0
Stealth        | |  2.6
Summonings     | |  1.0

Action                     |  1- 3 |  4- 6 |  7- 9 || total
---------------------------+-------+-------+-------++-------
  Melee: Dagger            |    71 |    69 |    64 ||   204
         Punch             |     2 |     1 |     3 ||     6
         Constrict         |    18 |    15 |    17 ||    50
         Tentacles         |    11 |     7 |    16 ||    34
   Cast: Magic Dart        |    21 |    81 |    71 ||   173
         Mephitic Cloud    |       |       |     7 ||     7
         Blink             |       |       |     1 ||     1
    Use: Scroll            |       |     6 |     1 ||     7
   Stab: Sleeping          |    13 |     6 |     5 ||    24
         Confused          |       |       |     3 ||     3
 Armour: Skin              |     3 |     3 |     2 ||     8
  Dodge: Dodged            |    35 |    54 |    45 ||   134

Table legend: (Time is in decaauts)
 A = Elapsed time spent in this place.
 B = Non-inter-level travel time spent in this place.
 C = Inter-level travel time spent in this place.
 D = Time resting spent in this place.
 E = Time spent auto-exploring this place.
 F = Levels seen in this place.
 G = Mean time per level.
                   A        B        C        D        E       F      G
               +--------+--------+--------+--------+--------+-----+--------+
         Total |   4422 |   4138 |    284 |    591 |   2565 |   6 |  737.0 |
       Dungeon |   4422 |   4138 |    284 |    591 |   2565 |   6 |  737.0 |
               +--------+--------+--------+--------+--------+-----+--------+

Top non-repeatable levels by time:
     D:5: 1048 daAuts
     D:4: 1012 daAuts
     D:1: 820 daAuts
     D:3: 801 daAuts
     D:2: 688 daAuts
     D:6: 50 daAuts
